Workbook

Sheet Formulario 1- Lote 5
C3: Formulario 1 - Propuesta económica - Documento tipo de licitación de obra pública de infraestructura de transporte - versión 3
C4: Código | D4: CCE-EICP-FM-14 | E4: Versión | F4: 3
C6: FORMULARIO 1 - LOTE 5
C7: PROPUESTA ECONÓMICA
C8: FDLBOSALIC 002-2023 (89928)
C10: PRESUPUESTO OFICIAL DEL FDLB - LOTE 5 | N10: VALORES OFERTADOS POR EL PROPONENTE
C11: OBJETO: | N11: NOMBRE DEL PROPONENTE
C12: “REALIZAR LAS OBRAS PARA LA CONSERVACIÓN DE MALLA VIAL Y ESPACIO PUBLICO ASOCIADO DE LA LOCALIDAD DE BOSA - BOGOTÁ, D.C. A TRAVÉS DEL SISTEMA DE PRECIOS UNITARIOS FIJOS Y A MONTO AGOTABLE, DE ACUERDO CON LA DESCRIPCIÓN, ESPECIFICACIONES Y DEMÁS CONDICIONES ESTABLECIDAS EN EL ANEXO TÉCNICO”
C13: ACTIVIDADES DE CONSERVACIÓN
C14: Nº | D14: ÍTEM DE PAGO | E14: ESPECIFICACIONES | G14: DESCRIPCIÓN | H14: UND. | I14: CANTIDAD | J14: VALOR UNITARIO SIN A.I.U. | K14: VALOR TOTAL | N14: VALOR UNITARIO SIN AIU OFERTADO POR EL PROPONENTE | O14: VALOR UNITARIO SIN AIU (CORREGIDO) | P14: VALOR PARCIAL CORREGIDO | Q14: VERIFICACIÓN
E15: GENERAL | F15: PARTICULAR
D16: 1 | G16: PRELIMINARES
C17: 3007 | D17: 1.001 | G17: REPLANTEO GENERAL | H17: M2 | I17: 1 | J17: 886 | K17: =+I17*J17 -> 886 | O17: =ROUND((+N17),0) -> 0 | P17: =ROUND((O17*$I17),0) -> 0 | Q17: =IF(OR(P17<=0,P17>$K17),"ERROR","OK") -> ERROR
C18: Subtotal | K18: =SUM(K17:K17) -> 886 | N18: =SUM(N17:N17) -> 0 | P18: =SUM(P17:P17) -> 0 | Q18: =IF(OR(P18<=0,P18>$K18,COUNTIF(Q17:Q17,"ERROR")>0),"ERROR","OK") -> ERROR
D19: 2 | G19: EXPLANACIONES
C20: 3710 | D20: 2.001 | G20: EXCAVACIÓN MECÁNICA EN MATERIAL COMÚN (INCLUYE CARGUE) | H20: M3 | I20: 1 | J20: 5511 | K20: =+J20*I20 -> 5511 | O20: =ROUND((+N20),0) -> 0 | P20: =ROUND((O20*$I20),0) -> 0 | Q20: =IF(OR(P20<=0,P20>$K20),"ERROR","OK") -> ERROR
C21: 3464 | D21: 2.002 | G21: EXCAVACION MANUAL EN MATERIAL COMUN. INCLUYE CARGUE. | H21: M3 | I21: 1 | J21: 42888 | K21: =+J21*I21 -> 42888 | O21: =ROUND((+N21),0) -> 0 | P21: =ROUND((O21*$I21),0) -> 0 | Q21: =IF(OR(P21<=0,P21>$K21),"ERROR","OK") -> ERROR
C22: 3009 | D22: 2.003 | G22: EXCAVACION MANUAL PARA REDES PROFUNDIDAD 0M - 2M (INCLUYE CARGUE) | H22: M3 | I22: 1 | J22: 42888 | K22: =+J22*I22 -> 42888 | O22: =ROUND((+N22),0) -> 0 | P22: =ROUND((O22*$I22),0) -> 0 | Q22: =IF(OR(P22<=0,P22>$K22),"ERROR","OK") -> ERROR
C23: 7513 | D23: 2.004 | G23: DEMOLICIÓN DE PLACA (INCLUYE CARGUE, RETIRO DE MATERIAL, TRANSPORTE Y DISPOSICIÓN FINAL DE ESCOMBROS EN SITIO AUTORIZADO). | H23: M2 | I23: 1 | J23: 29938 | K23: =+J23*I23 -> 29938 | O23: =ROUND((+N23),0) -> 0 | P23: =ROUND((O23*$I23),0) -> 0 | Q23: =IF(OR(P23<=0,P23>$K23),"ERROR","OK") -> ERROR
C24: 3017 | D24: 2.005 | G24: TRANSPORTE Y DISPOSICIÓN FINAL DE ESCOMBROS EN SITIO AUTORIZADO (DISTANCIA DE TRANSPORTE 21 KM). A DISTANCIA MAYOR DEL ACARREO LIBRE (90 M) EN SITIO AUTORIZADO POR LA ENTIDAD AMBIENTAL COMPETENTE. | H24: M3 | I24: 1 | J24: 43960 | K24: =+J24*I24 -> 43960 | O24: =ROUND((+N24),0) -> 0 | P24: =ROUND((O24*$I24),0) -> 0 | Q24: =IF(OR(P24<=0,P24>$K24),"ERROR","OK") -> ERROR
C25: Subtotal | K25: =SUM(K20:K24) -> 165185 | N25: =SUM(N20:N24) -> 0 | P25: =SUM(P20:P24) -> 0 | Q25: =IF(OR(P25<=0,P25>$K25,COUNTIF(Q20:Q24,"ERROR")>0),"ERROR","OK") -> ERROR
D26: 3 | G26: PAVIMENTOS FLEXIBLES Y RIGIDOS
C27: 10014 | D27: 3.001 | G27: ESTABILIZACION O MEJORAMIENTO DE SUBRASANTE CON RAJON = 6" A 12" (15 - 30 cm) Y SELLO CON SUBBASE GRANULAR CLASE C - Gr1 (SBGC_Gr1). INCLUYE (SUMINISTRO, EXTENDIDO Y NIVELACION MANUAL , COMPACTACION MECANICA VIBROCOMPACTADOR TIPO RANA, TRANSPORTE DEL RAJON Y SELLO HASTA 21 KM) | H27: =+VLOOKUP(C27,Hoja2!$A$2:$H$4093,7,TRUE) -> M3 | I27: 1 | J27: =+VLOOKUP(C27,Hoja2!$A$2:$H$4093,8,TRUE) -> 160396 | K27: =+J27*I27 -> 160396 | O27: =ROUND((+N27),0) -> 0 | P27: =ROUND((O27*$I27),0) -> 0 | Q27: =IF(OR(P27<=0,P27>$K27),"ERROR","OK") -> ERROR
C28: 4669 | D28: 3.002 | G28: =+VLOOKUP(C28,Hoja2!$A$2:$H$4093,6,TRUE) -> GEOTEXTIL NT 1800 PARA SEPARACION SUBRASANTE/CAPAS GRANULARES (INCLUYE SUMINISTRO E INSTALACIÓN) | H28: =+VLOOKUP(C28,Hoja2!$A$2:$H$4093,7,TRUE) -> M2 | I28: 1 | J28: =+VLOOKUP(C28,Hoja2!$A$2:$H$4093,8,TRUE) -> 7609 | K28: =+J28*I28 -> 7609 | O28: =ROUND((+N28),0) -> 0 | P28: =ROUND((O28*$I28),0) -> 0 | Q28: =IF(OR(P28<=0,P28>$K28),"ERROR","OK") -> ERROR
C29: 4673 | D29: 3.003 | G29: =+VLOOKUP(C29,Hoja2!$A$2:$H$4093,6,TRUE) -> GEOTEXTIL NT 1800 PARA SUBDRENES/FILTROS (INCLUYE SUMINISTRO E INSTALACIÓN) | H29: =+VLOOKUP(C29,Hoja2!$A$2:$H$4093,7,TRUE) -> M2 | I29: 1 | J29: =+VLOOKUP(C29,Hoja2!$A$2:$H$4093,8,TRUE) -> 7609 | K29: =+J29*I29 -> 7609 | O29: =ROUND((+N29),0) -> 0 | P29: =ROUND((O29*$I29),0) -> 0 | Q29: =IF(OR(P29<=0,P29>$K29),"ERROR","OK") -> ERROR
C30: 7362 | D30: 3.004 | G30: =+VLOOKUP(C30,Hoja2!$A$2:$H$4093,6,TRUE) -> GEOMALLA TENSAR BX 1100 PARA REFUERZO DE MATERIALES GRANULARES. (INCLUYE SUMINISTRO E INSTALACIÓN). | H30: =+VLOOKUP(C30,Hoja2!$A$2:$H$4093,7,TRUE) -> M2 | I30: 1 | J30: =+VLOOKUP(C30,Hoja2!$A$2:$H$4093,8,TRUE) -> 12819 | K30: =+J30*I30 -> 12819 | O30: =ROUND((+N30),0) -> 0 | P30: =ROUND((O30*$I30),0) -> 0 | Q30: =IF(OR(P30<=0,P30>$K30),"ERROR","OK") -> ERROR
C31: 7900 | D31: 3.005 | G31: =+VLOOKUP(C31,Hoja2!$A$2:$H$4093,6,TRUE) -> GEOCELDA HDPE PERFORADA, ALTURA 15 CM (SUMINISTRO E INSTALACIÓN). | H31: =+VLOOKUP(C31,Hoja2!$A$2:$H$4093,7,TRUE) -> M2 | I31: 1 | J31: =+VLOOKUP(C31,Hoja2!$A$2:$H$4093,8,TRUE) -> 73423 | K31: =+J31*I31 -> 73423 | O31: =ROUND((+N31),0) -> 0 | P31: =ROUND((O31*$I31),0) -> 0 | Q31: =IF(OR(P31<=0,P31>$K31),"ERROR","OK") -> ERROR
C32: 6053 | D32: 3.006 | G32: =+VLOOKUP(C32,Hoja2!$A$2:$H$4093,6,TRUE) -> CAPA DE SUELO DE SUBRASANTE ESTABILIZADA CON CAL HIDRATADA TIPO N, IN SITU AL 4%. (SUMINISTRO, EXTENDIDO, NIVELACION, HUMEDECIMIENTO Y COMPACTACION). | H32: =+VLOOKUP(C32,Hoja2!$A$2:$H$4093,7,TRUE) -> M3 | I32: 1 | J32: =+VLOOKUP(C32,Hoja2!$A$2:$H$4093,8,TRUE) -> 100519 | K32: =+J32*I32 -> 100519 | O32: =ROUND((+N32),0) -> 0 | P32: =ROUND((O32*$I32),0) -> 0 | Q32: =IF(OR(P32<=0,P32>$K32),"ERROR","OK") -> ERROR
C33: 4908 | D33: 3.007 | G33: =+VLOOKUP(C33,Hoja2!$A$2:$H$4093,6,TRUE) -> MATERIAL SELECCIONADO. SUMINISTRO, EXTENDIDO MANUAL, NIVELACIÓN, HUMEDECIMIENTO Y COMPACTACIÓN. | H33: =+VLOOKUP(C33,Hoja2!$A$2:$H$4093,7,TRUE) -> M3 | I33: 1 | J33: =+VLOOKUP(C33,Hoja2!$A$2:$H$4093,8,TRUE) -> 105079 | K33: =+J33*I33 -> 105079 | O33: =ROUND((+N33),0) -> 0 | P33: =ROUND((O33*$I33),0) -> 0 | Q33: =IF(OR(P33<=0,P33>$K33),"ERROR","OK") -> ERROR
C34: 4159 | D34: 3.008 | G34: =+VLOOKUP(C34,Hoja2!$A$2:$H$4093,6,TRUE) -> SUBBASE GRANULAR CLASE C (SBG_C) (SUMINISTRO, EXTENDIDO, NIVELACIÓN, HUMEDECIMIENTO Y COMPACTACIÓN CON VIBROCOMPACTADOR) | H34: =+VLOOKUP(C34,Hoja2!$A$2:$H$4093,7,TRUE) -> M3 | I34: 1 | J34: =+VLOOKUP(C34,Hoja2!$A$2:$H$4093,8,TRUE) -> 154004 | K34: =+J34*I34 -> 154004 | O34: =ROUND((+N34),0) -> 0 | P34: =ROUND((O34*$I34),0) -> 0 | Q34: =IF(OR(P34<=0,P34>$K34),"ERROR","OK") -> ERROR
C35: 4156 | D35: 3.009 | G35: =+VLOOKUP(C35,Hoja2!$A$2:$H$4093,6,TRUE) -> BASE GRANULAR CLASE C (BG_C) (SUMINISTRO, EXTENDIDO, NIVELACIÓN, HUMEDECIMIENTO Y COMPACTACIÓN CON VIBROCOMPACTADOR) | H35: =+VLOOKUP(C35,Hoja2!$A$2:$H$4093,7,TRUE) -> M3 | I35: 1 | J35: =+VLOOKUP(C35,Hoja2!$A$2:$H$4093,8,TRUE) -> 167930 | K35: =+J35*I35 -> 167930 | O35: =ROUND((+N35),0) -> 0 | P35: =ROUND((O35*$I35),0) -> 0 | Q35: =IF(OR(P35<=0,P35>$K35),"ERROR","OK") -> ERROR
C36: 4157 | D36: 3.01 | G36: =+VLOOKUP(C36,Hoja2!$A$2:$H$4093,6,TRUE) -> BASE GRANULAR CLASE B (BG_B) (SUMINISTRO, EXTENDIDO, NIVELACIÓN, HUMEDECIMIENTO Y COMPACTACIÓN CON VIBROCOMPACTADOR) | H36: =+VLOOKUP(C36,Hoja2!$A$2:$H$4093,7,TRUE) -> M3 | I36: 1 | J36: =+VLOOKUP(C36,Hoja2!$A$2:$H$4093,8,TRUE) -> 180303 | K36: =+J36*I36 -> 180303 | O36: =ROUND((+N36),0) -> 0 | P36: =ROUND((O36*$I36),0) -> 0 | Q36: =IF(OR(P36<=0,P36>$K36),"ERROR","OK") -> ERROR
C37: 4142 | D37: 3.011 | G37: =+VLOOKUP(C37,Hoja2!$A$2:$H$4093,6,TRUE) -> SUBBASE GRANULAR SBG-A (SUMINISTRO, EXTENDIDO, NIVELACIÓN, HUMEDECIMIENTO Y COMPACTACIÓN CON VIBROCOMPACTADOR) | H37: =+VLOOKUP(C37,Hoja2!$A$2:$H$4093,7,TRUE) -> M3 | I37: 1 | J37: =+VLOOKUP(C37,Hoja2!$A$2:$H$4093,8,TRUE) -> 174822 | K37: =+J37*I37 -> 174822 | O37: =ROUND((+N37),0) -> 0 | P37: =ROUND((O37*$I37),0) -> 0 | Q37: =IF(OR(P37<=0,P37>$K37),"ERROR","OK") -> ERROR
C38: 4032 | D38: 3.012 | G38: =+VLOOKUP(C38,Hoja2!$A$2:$H$4093,6,TRUE) -> GEOTEXTIL T, RESIST. ULTIMA (TIRA ANCHA)=40 KN/M PARA SEPARACION SUBRASANTE/CAPAS GRANULARES (INC. SUMIN. E INSTALACIÓN) | H38: =+VLOOKUP(C38,Hoja2!$A$2:$H$4093,7,TRUE) -> M2 | I38: 1 | J38: =+VLOOKUP(C38,Hoja2!$A$2:$H$4093,8,TRUE) -> 9773 | K38: =+J38*I38 -> 9773 | O38: =ROUND((+N38),0) -> 0 | P38: =ROUND((O38*$I38),0) -> 0 | Q38: =IF(OR(P38<=0,P38>$K38),"ERROR","OK") -> ERROR
C39: 7378 | D39: 3.013 | G39: =+VLOOKUP(C39,Hoja2!$A$2:$H$4093,6,TRUE) -> GEOMALLA UNIAXIAL RESISTENCIA ÚLTIMA 60KN/MK PARA REFUERZO DE MATERIALES GRANULARES. (INCLUYE SUMINISTRO E INSTALACIÓN) | H39: =+VLOOKUP(C39,Hoja2!$A$2:$H$4093,7,TRUE) -> M2 | I39: 1 | J39: =+VLOOKUP(C39,Hoja2!$A$2:$H$4093,8,TRUE) -> 25847 | K39: =+J39*I39 -> 25847 | O39: =ROUND((+N39),0) -> 0 | P39: =ROUND((O39*$I39),0) -> 0 | Q39: =IF(OR(P39<=0,P39>$K39),"ERROR","OK") -> ERROR
... C48: 5177 | D48: 3.022 | G48: =+VLOOKUP(C48,Hoja2!$A$2:$H$4093,6,TRUE) -> PARCHEO EN PAVIMENTO FLEXIBLE PARA ACCIONES DE MOVILIDAD. (INCLUYE CORTE, DEMOLICIÓN, CARGUE, TRANSPORTE Y DISPOSICIÓN FINAL DE ESCOMBROS, IMPRIMACIÓN, SUMINISTRO, EXTENDIDO Y COMPACTACIÓN MECANICA DE MEZCLA ASFÁLTICA) TRABAJO NOCTURNO. | H48: =+VLOOKUP(C48,Hoja2!$A$2:$H$4093,7,TRUE) -> M3 | I48: 1 | J48: =+VLOOKUP(C48,Hoja2!$A$2:$H$4093,8,TRUE) -> 1649820 | K48: =+J48*I48 -> 1649820 | O48: =ROUND((+N48),0) -> 0 | P48: =ROUND((O48*$I48),0) -> 0 | Q48: =IF(OR(P48<=0,P48>$K48),"ERROR","OK") -> ERROR
C49: Subtotal | K49: =SUM(K27:K48) -> 8348999 | N49: =SUM(N27:N48) -> 0 | P49: =SUM(P31:P48) -> 0 | Q49: =IF(OR(P49<=0,P49>$K49,COUNTIF(Q31:Q48,"ERROR")>0),"ERROR","OK") -> ERROR
D50: 4 | G50: URBANISMO Y ESPACIO PUBLICO Y OTROS
C51: 3708 | D51: 4.001 | G51: ACERO DE REFUERZO FY=60000 PSI. SUMINISTRO E INSTALACIÓN. DE ACUERDO A LO ESTIPULADO POR LA NSR-10, NORMA ASTM A-706, ICONTEC 2289 PARA EL ACERO PDR-60. INCLUYE TODOS LOS COSTOS DE SUMINISTRO DE MATERIALES (REFUERZO (G60) FIGURADO, CORRUGADO, INCLUYE EL ALAMBRE DE AMARRE), EQUIPOS, TRANSPORTES, MANEJO, ALMACENAMIENTO, DESPERDICIOS Y MANO DE OBRA. | H51: KG | I51: 1 | J51: 5551 | K51: =+J51*I51 -> 5551 | O51: =ROUND((+N51),0) -> 0 | P51: =ROUND((O51*$I51),0) -> 0 | Q51: =IF(OR(P51<=0,P51>$K51),"ERROR","OK") -> ERROR
C52: 7341 | D52: 4.002 | G52: CARCAMO AGUAS LLUVIAS 0.45 X 0.60 M. (INCLUYE REJILLA) SUMINISTRO E INSTALACIÓN | H52: ML | I52: 1 | J52: 1243963 | K52: =+J52*I52 -> 1243963 | O52: =ROUND((+N52),0) -> 0 | P52: =ROUND((O52*$I52),0) -> 0 | Q52: =IF(OR(P52<=0,P52>$K52),"ERROR","OK") -> ERROR
C53: 8185 | D53: 4.003 | G53: TAPA (REJILLA) PARA CAÑUELA A-124. DIMENSIONES: 600X300X100MM. (INCLUYE SUMINISTRO DE MATERIALES E INSTALACIÓN) | H53: UN | I53: 1 | J53: 48650 | K53: =+J53*I53 -> 48650 | O53: =ROUND((+N53),0) -> 0 | P53: =ROUND((O53*$I53),0) -> 0 | Q53: =IF(OR(P53<=0,P53>$K53),"ERROR","OK") -> ERROR
C54: 6102 | D54: 4.003 | G54: CENEFA LINEAL EN LOSETA PREFABRICADA TÁCTIL ALERTA Y GUÍA A55 / A56 ANCHO 0.40m (SUMINISTRO E INSTALACIÓN. INCLUYE BASE EN ARENA DE NIVELACIÓN e= 4cm Y ARENA DE SELLO). | H54: ML | I54: 1 | J54: 41892 | K54: =+J54*I54 -> 41892 | O54: =ROUND((+N54),0) -> 0 | P54: =ROUND((O54*$I54),0) -> 0 | Q54: =IF(OR(P54<=0,P54>$K54),"ERROR","OK") -> ERROR
C55: 4856 | D55: 4.004 | G55: PISOS EN LOSETA PREFABRICADA A55 TÁCTIL ALERTA O A56 GUIA 40X40X6 CM. SUMINISTRO E INSTALACIÓN. (INCLUYE 4CM DE MORTERO 1:5 HECHO EN OBRA PARA BASE Y ARENA DE PEÑA PARA SELLO). | H55: M2 | I55: 1 | J55: 113621 | K55: =+J55*I55 -> 113621 | O55: =ROUND((+N55),0) -> 0 | P55: =ROUND((O55*$I55),0) -> 0 | Q55: =IF(OR(P55<=0,P55>$K55),"ERROR","OK") -> ERROR
C56: 4855 | D56: 4.005 | G56: CONSTRUCCIÓN DE FRANJA DE AJUSTE EN CONCRETO PREMEZCLADO GRAVA COMÚN 3000 PSI, ESPESOR PROMEDIO 10 CM.. | H56: M2 | I56: 1 | J56: 59462 | K56: =+J56*I56 -> 59462 | O56: =ROUND((+N56),0) -> 0 | P56: =ROUND((O56*$I56),0) -> 0 | Q56: =IF(OR(P56<=0,P56>$K56),"ERROR","OK") -> ERROR
C57: 4588 | D57: 4.006 | G57: CONSTRUCCIÓN DE ESCALERAS EN CONCRETO 3000 PSI GRAVA COMÚN. INCLUYE EXCAVACIÓN MANUAL, SUBBASE GRANULAR CLASE B, ACERO DE REFUERZO Y TRANSPORTE Y DISPOSICIÓN FINAL DE ESCOMBROS. | H57: M2 | I57: 1 | J57: 433426 | K57: =+J57*I57 -> 433426 | O57: =ROUND((+N57),0) -> 0 | P57: =ROUND((O57*$I57),0) -> 0 | Q57: =IF(OR(P57<=0,P57>$K57),"ERROR","OK") -> ERROR
C58: 3751 | D58: 4.008 | G58: CAÑUELA TIPO A120 (SUMINISTRO E INSTALACIÓN. INCLUYE 3CM MORTERO 1:5) | H58: ML | I58: 1 | J58: 75626 | K58: =+J58*I58 -> 75626 | O58: =ROUND((+N58),0) -> 0 | P58: =ROUND((O58*$I58),0) -> 0 | Q58: =IF(OR(P58<=0,P58>$K58),"ERROR","OK") -> ERROR
C59: 4088 | D59: 4.009 | G59: SARDINEL BAJO A85 PARA RAMPAS (SUMINISTRO E INSTALACIÓN. INCLUYE 3CM MORTERO 2000 PSI) | H59: ML | I59: 1 | J59: 63964 | K59: =+J59*I59 -> 63964 | O59: =ROUND((+N59),0) -> 0 | P59: =ROUND((O59*$I59),0) -> 0 | Q59: =IF(OR(P59<=0,P59>$K59),"ERROR","OK") -> ERROR
C60: 3548 | D60: 4.01 | G60: BOLARDO EN HIERRO TIPO M63 (SUMINISTRO E INSTALACIÓN. INCLUYE BASE EN CONCRETO 1500 PSI, HECHO EN OBRA) | H60: UN | I60: 1 | J60: 215284 | K60: =+J60*I60 -> 215284 | O60: =ROUND((+N60),0) -> 0 | P60: =ROUND((O60*$I60),0) -> 0 | Q60: =IF(OR(P60<=0,P60>$K60),"ERROR","OK") -> ERROR
C61: 3027 | D61: 4.011 | G61: SARDINEL TIPO A10 (SUMINISTRO E INSTALACIÓN. INCLUYE 3CM MORTERO 1:5) | H61: ML | I61: 1 | J61: 79019 | K61: =+J61*I61 -> 79019 | O61: =ROUND((+N61),0) -> 0 | P61: =ROUND((O61*$I61),0) -> 0 | Q61: =IF(OR(P61<=0,P61>$K61),"ERROR","OK") -> ERROR
C62: 3210 | D62: 4.012 | G62: BORDILLO PREFABRICADO A80 (SUMINISTRO E INSTALACIÓN. INCLUYE 3CM MORTERO DE NIVELACIÓN 2000 PSI) | H62: ML | I62: 1 | J62: 67515 | K62: =+J62*I62 -> 67515 | O62: =ROUND((+N62),0) -> 0 | P62: =ROUND((O62*$I62),0) -> 0 | Q62: =IF(OR(P62<=0,P62>$K62),"ERROR","OK") -> ERROR
... C95: 4558 | D95: 4.045 | G95: SUMIDERO ALCANTARILLADO PLUVIAL EN VIA NS-047-1V4 EAAB | H95: UN | I95: 1 | J95: 7451260 | K95: =+J95*I95 -> 7451260 | O95: =ROUND((+N95),0) -> 0 | P95: =ROUND((O95*$I95),0) -> 0 | Q95: =IF(OR(P95<=0,P95>$K95),"ERROR","OK") -> ERROR
C96: Subtotal | K96: =SUM(K51:K95) -> 21790238 | N96: =SUM(N51:N95) -> 0 | P96: =SUM(P52:P95) -> 0 | Q96: =IF(OR(P96<=0,P96>$K96),"ERROR","OK") -> ERROR
D97: 5 | G97: REDES DE ACUEDUCTO
C98: 6020 | D98: 5.001 | G98: RELLENO EN RECEBO COMUN (SUMINISTRO E INSTALACIÓN EXTENDIDO MANUAL, HUMEDECIMIENTO Y COMPACTACIÓN. NO INCLUYE TRANSPORTE) | H98: M3 | I98: 1 | J98: 34466 | K98: =+J98*I98 -> 34466 | O98: =ROUND((+N98),0) -> 0 | P98: =ROUND((O98*$I98),0) -> 0 | Q98: =IF(OR(P98<=0,P98>$K98),"ERROR","OK") -> ERROR
C99: 3024 | D99: 5.002 | G99: RELLENO PARA REDES EN ARENA DE PEÑA (SUMINISTRO, EXTENDIDO, HUMEDECIMIENTO Y COMPACTACIÓN) | H99: M3 | I99: 1 | J99: 152203 | K99: =+J99*I99 -> 152203 | O99: =ROUND((+N99),0) -> 0 | P99: =ROUND((O99*$I99),0) -> 0 | Q99: =IF(OR(P99<=0,P99>$K99),"ERROR","OK") -> ERROR
C100: 4839 | D100: 5.003 | G100: EMPATES DE TUBERÍA EN PVC A PVC 6" LINEAL SEGÚN NORMA NS-023. SUMINISTRO E INSTALACIÓN. (INCLUYE ACCESORIOS). | H100: UN | I100: 1 | J100: 591718 | K100: =+J100*I100 -> 591718 | O100: =ROUND((+N100),0) -> 0 | P100: =ROUND((O100*$I100),0) -> 0 | Q100: =IF(OR(P100<=0,P100>$K100),"ERROR","OK") -> ERROR
C101: 4837 | D101: 5.004 | G101: RELLENO CON MEZCLA DE GRAVILLA DE 3/4" Y ARENA DE RIO (RELACIÓN 1:1) SUMINISTRO Y COLOCACIÓN. (INCLUYE TRANSPORTE, SUMINISTRO, EXTENDIDO MANUAL Y COLOCACIÓN). | H101: M3 | I101: 1 | J101: 207350 | K101: =+J101*I101 -> 207350 | O101: =ROUND((+N101),0) -> 0 | P101: =ROUND((O101*$I101),0) -> 0 | Q101: =IF(OR(P101<=0,P101>$K101),"ERROR","OK") -> ERROR
C102: 4411 | D102: 5.005 | G102: REDUCCION PVC TIPO U.M. 6"X4" (SUMINISTRO E INSTALACIÓN) | H102: UN | I102: 1 | J102: 336874 | K102: =+J102*I102 -> 336874 | O102: =ROUND((+N102),0) -> 0 | P102: =ROUND((O102*$I102),0) -> 0 | Q102: =IF(OR(P102<=0,P102>$K102),"ERROR","OK") -> ERROR
C103: 4262 | D103: 5.006 | G103: EXCAVACION MECANICA PARA REDES PROFUNDIDAD 0M - 3.5M (INCLUYE CARGUE) | H103: M3 | I103: 1 | J103: 5511 | K103: =+J103*I103 -> 5511 | O103: =ROUND((+N103),0) -> 0 | P103: =ROUND((O103*$I103),0) -> 0 | Q103: =IF(OR(P103<=0,P103>$K103),"ERROR","OK") -> ERROR
C104: 3404 | D104: 5.007 | G104: TAPON HD EXTREMO LISO D=4" (SUMINISTRO E INSTALACIÓN) | H104: UN | I104: 1 | J104: 148897 | K104: =+J104*I104 -> 148897 | O104: =ROUND((+N104),0) -> 0 | P104: =ROUND((O104*$I104),0) -> 0 | Q104: =IF(OR(P104<=0,P104>$K104),"ERROR","OK") -> ERROR
C105: 3226 | D105: 5.008 | G105: TUBERIA PVC D=4" TIPO U.M. RDE 21 (SUMINISTRO E INSTALACIÓN) | H105: ML | I105: 1 | J105: 67848 | K105: =+J105*I105 -> 67848 | O105: =ROUND((+N105),0) -> 0 | P105: =ROUND((O105*$I105),0) -> 0 | Q105: =IF(OR(P105<=0,P105>$K105),"ERROR","OK") -> ERROR
C106: 3620 | D106: 5.009 | G106: CODO HD 11.25° EXTREMO LISO PARA PVC D=4" (SUMINISTRO E INSTALACIÓN) | H106: UN | I106: 1 | J106: 242654 | K106: =+J106*I106 -> 242654 | O106: =ROUND((+N106),0) -> 0 | P106: =ROUND((O106*$I106),0) -> 0 | Q106: =IF(OR(P106<=0,P106>$K106),"ERROR","OK") -> ERROR
C107: 4841 | D107: 5.01 | G107: EMPATES DE TUBERÍA EN PVC A PVC 4" LINEAL SEGÚN NORMA NS-023 (INCLUYE ACCESORIOS). SUMINISTRO E INSTALACIÓN. | H107: UN | I107: 1 | J107: 260979 | K107: =+J107*I107 -> 260979 | O107: =ROUND((+N107),0) -> 0 | P107: =ROUND((O107*$I107),0) -> 0 | Q107: =IF(OR(P107<=0,P107>$K107),"ERROR","OK") -> ERROR
C108: 3391 | D108: 5.011 | G108: CODO HD 22.5° EXTREMO LISO PARA PVC D=4" (SUMINISTRO E INSTALACIÓN) | H108: UN | I108: 1 | J108: 251877 | K108: =+J108*I108 -> 251877 | O108: =ROUND((+N108),0) -> 0 | P108: =ROUND((O108*$I108),0) -> 0 | Q108: =IF(OR(P108<=0,P108>$K108),"ERROR","OK") -> ERROR
C109: 3253 | D109: 5.012 | G109: TEE HD EXTREMO LISO 6"X4" (SUMINISTRO E INSTALACIÓN) | H109: UN | I109: 1 | J109: 565591 | K109: =+J109*I109 -> 565591 | O109: =ROUND((+N109),0) -> 0 | P109: =ROUND((O109*$I109),0) -> 0 | Q109: =IF(OR(P109<=0,P109>$K109),"ERROR","OK") -> ERROR
... C130: 6542 | D130: 5.033 | G130: CODO 45° CXE PVC SANITARIA D=6" (INCLUYE SUMINISTRO E INSTALACIÓN). | H130: UN | I130: 1 | J130: 78680 | K130: =+J130*I130 -> 78680 | O130: =ROUND((+N130),0) -> 0 | P130: =ROUND((O130*$I130),0) -> 0 | Q130: =IF(OR(P130<=0,P130>$K130),"ERROR","OK") -> ERROR
C131: Subtotal | K131: =SUM(K98:K130) -> 9708142 | N131: =SUM(N98:N130) -> 0 | P131: =SUM(P99:P130) -> 0 | Q131: =IF(OR(P131<=0,P131>$K131,COUNTIF(Q99:Q130,"ERROR")>0),"ERROR","OK") -> ERROR
D132: 6 | G132: REDES ALCANTARILLADO SANITARIO
C133: 6020 | D133: 6.001 | G133: RELLENO EN RECEBO COMUN (SUMINISTRO E INSTALACIÓN EXTENDIDO MANUAL, HUMEDECIMIENTO Y COMPACTACIÓN. NO INCLUYE TRANSPORTE) | H133: M3 | I133: 1 | J133: 34466 | K133: =+J133*I133 -> 34466 | O133: =ROUND((+N133),0) -> 0 | P133: =ROUND((O133*$I133),0) -> 0 | Q133: =IF(OR(P133<=0,P133>$K133),"ERROR","OK") -> ERROR
C134: 7888 | D134: 6.002 | G134: TAPAS PARA POZO DE INSPECCIÓN. SUMINISTRO E INSTALACIÓN. | H134: UN | I134: 1 | J134: 254501 | K134: =+J134*I134 -> 254501 | O134: =ROUND((+N134),0) -> 0 | P134: =ROUND((O134*$I134),0) -> 0 | Q134: =IF(OR(P134<=0,P134>$K134),"ERROR","OK") -> ERROR
C135: 3471 | D135: 6.003 | G135: CILINDRO POZO INSP. EN MAMPOSTERIA E=0.25M (INC. SUMIN. Y CONST, ACERO PARA ESCALERAS, GEOTEXTIL Y PAÑETE IMPERMEAB.) | H135: ML | I135: 1 | J135: 720343 | K135: =+J135*I135 -> 720343 | O135: =ROUND((+N135),0) -> 0 | P135: =ROUND((O135*$I135),0) -> 0 | Q135: =IF(OR(P135<=0,P135>$K135),"ERROR","OK") -> ERROR
C136: 5015 | D136: 6.004 | G136: CAJA DE INSPECCION 0.80X0.8M. SUMINISTRO Y CONSTRUCCION. (H=0.6M. INCLUYE MARCO Y TAPA, NO INCLUYE BASE Y CAÑUELA). | H136: UN | I136: 1 | J136: 603895 | K136: =+J136*I136 -> 603895 | O136: =ROUND((+N136),0) -> 0 | P136: =ROUND((O136*$I136),0) -> 0 | Q136: =IF(OR(P136<=0,P136>$K136),"ERROR","OK") -> ERROR
C137: 3779 | D137: 6.005 | G137: CAJA DE INSPECCIÓN DE 0.6X0.6M (H=0.6M. INCLUYE SUMINISTRO Y CONSTRUCCIÓN. INCLUYE MARCO Y TAPA. NO INC. BASE Y CAÑUELA) | H137: UN | I137: 1 | J137: 510417 | K137: =+J137*I137 -> 510417 | O137: =ROUND((+N137),0) -> 0 | P137: =ROUND((O137*$I137),0) -> 0 | Q137: =IF(OR(P137<=0,P137>$K137),"ERROR","OK") -> ERROR
C138: 7432 | D138: 6.006 | G138: TUBERIA PVC U.M. EXT CORRUGADO/INT LISO U.M. NORMA NTC 3722-1 D=24" (INCLUYE SUMINISTRO E INSTALACIÓN) | H138: ML | I138: 1 | J138: 673909 | K138: =+J138*I138 -> 673909 | O138: =ROUND((+N138),0) -> 0 | P138: =ROUND((O138*$I138),0) -> 0 | Q138: =IF(OR(P138<=0,P138>$K138),"ERROR","OK") -> ERROR
C139: 6185 | D139: 6.007 | G139: CONO POZO INSPECCIÓN PREFABRICADO D= 1.20M X 0.60M E=0.10M H= 0.75M (INC. SUMINISTRO E INST. NO INC. ARO DE AJUSTE, ARO-TAPA Y TAPA) | H139: UN | I139: 1 | J139: 857577 | K139: =+J139*I139 -> 857577 | O139: =ROUND((+N139),0) -> 0 | P139: =ROUND((O139*$I139),0) -> 0 | Q139: =IF(OR(P139<=0,P139>$K139),"ERROR","OK") -> ERROR
C140: 3776 | D140: 6.008 | G140: ENTIBADO TIPO ED1, DISCONTINUO EN MADERA (INCLUYE SUMINISTRO E INSTALACIÓN) | H140: M2 | I140: 1 | J140: 46108 | K140: =+J140*I140 -> 46108 | O140: =ROUND((+N140),0) -> 0 | P140: =ROUND((O140*$I140),0) -> 0 | Q140: =IF(OR(P140<=0,P140>$K140),"ERROR","OK") -> ERROR
C141: 3729 | D141: 6.009 | G141: CONCRETO 1500 PSI GRAVA COMÚN PARA SOLADOS (PREMEZCLADO. INCLUYE SUMINISTRO Y COLOCACIÓN) | H141: M3 | I141: 1 | J141: 603630 | K141: =+J141*I141 -> 603630 | O141: =ROUND((+N141),0) -> 0 | P141: =ROUND((O141*$I141),0) -> 0 | Q141: =IF(OR(P141<=0,P141>$K141),"ERROR","OK") -> ERROR
C142: 3473 | D142: 6.01 | G142: PLACA FONDO D=1.70M POZO INSPEC. (FUNDIDA EN SITIO. INCL. SUMIN, FORMALET, REF, INST. INCL. CONCRETO 2000 PSI DE BASE) | H142: UN | I142: 1 | J142: 851848 | K142: =+J142*I142 -> 851848 | O142: =ROUND((+N142),0) -> 0 | P142: =ROUND((O142*$I142),0) -> 0 | Q142: =IF(OR(P142<=0,P142>$K142),"ERROR","OK") -> ERROR
C143: 3472 | D143: 6.011 | G143: PLACA CUBIERTA D=1.70M POZO INSPEC. (FUNDIDA EN SITIO. INC. SUMINISTRO, FORMALETEO, REFUERZO E INSTALACIÓN. NO INC.TAPA) | H143: UN | I143: 1 | J143: 641906 | K143: =+J143*I143 -> 641906 | O143: =ROUND((+N143),0) -> 0 | P143: =ROUND((O143*$I143),0) -> 0 | Q143: =IF(OR(P143<=0,P143>$K143),"ERROR","OK") -> ERROR
C144: 3470 | D144: 6.012 | G144: CILINDRO POZO INSP. EN MAMPOSTERIA E=0.37M (INC. SUMIN. Y CONST, ACERO PARA ESCALERAS, GEOTEXTIL Y PAÑETE IMPERMEAB.) | H144: ML | I144: 1 | J144: 1052509 | K144: =+J144*I144 -> 1052509 | O144: =ROUND((+N144),0) -> 0 | P144: =ROUND((O144*$I144),0) -> 0 | Q144: =IF(OR(P144<=0,P144>$K144),"ERROR","OK") -> ERROR
... C155: 3879 | D155: 6.023 | G155: PLACA FONDO D=1.70M POZO INSPEC. (PREFABRICADA. INCL. SUMIN, INST.) | H155: UN | I155: 1 | J155: 1125585 | K155: =+J155*I155 -> 1125585 | O155: =ROUND((+N155),0) -> 0 | P155: =ROUND((O155*$I155),0) -> 0 | Q155: =IF(OR(P155<=0,P155>$K155),"ERROR","OK") -> ERROR
C156: Subtotal | K156: =SUM(K133:K155) -> 16259742 | N156: =SUM(N133:N155) -> 0 | P156: =SUM(P135:P155) -> 0 | Q156: =IF(OR(P156<=0,P156>$K156,COUNTIF(Q135:Q155,"ERROR")>0),"ERROR","OK") -> ERROR
D157: 7 | G157: REDES ALCANTARILLADO PLUVIAL
C158: 7515 | D158: =7+0.001 -> 7.001 | G158: CÁMARA DE CAIDA D=8" H=1.86M (INCLUYE SUMINISTRO E INSTALACIÓN) | H158: UN | I158: 1 | J158: 1146710 | K158: =+J158*I158 -> 1146710 | O158: =ROUND((+N158),0) -> 0 | P158: =ROUND((O158*$I158),0) -> 0 | Q158: =IF(OR(P158<=0,P158>$K158),"ERROR","OK") -> ERROR
C159: 3920 | D159: =+D158+0.001 -> 7.002 | G159: TUBERIA PVC U.M. EXT/INT LISO NORMA NTC 5070 D=27" (INCLUYE SUMINISTRO E INSTALACIÓN) | H159: ML | I159: 1 | J159: 786459 | K159: =+J159*I159 -> 786459 | O159: =ROUND((+N159),0) -> 0 | P159: =ROUND((O159*$I159),0) -> 0 | Q159: =IF(OR(P159<=0,P159>$K159),"ERROR","OK") -> ERROR
C160: 3047 | D160: =+D159+0.001 -> 7.003 | G160: TUBERIA PVC U.M. EXT CORRUGADO/INT LISO U.M. NORMA NTC 3722-1 D=18" (INCLUYE SUMINISTRO E INSTALACIÓN) | H160: ML | I160: 1 | J160: 381736 | K160: =+J160*I160 -> 381736 | O160: =ROUND((+N160),0) -> 0 | P160: =ROUND((O160*$I160),0) -> 0 | Q160: =IF(OR(P160<=0,P160>$K160),"ERROR","OK") -> ERROR
C161: 3151 | D161: =+D160+0.001 -> 7.004 | G161: SUMIDERO LATERAL SL-100, H=1.25M (FUNDIDO EN SITIO, CONCRETO PREMEZCLADO. INCL. SUMIN, FORM, REF. Y CONSTR. INCL. TAPA) | H161: UN | I161: 1 | J161: 3065871 | K161: =+J161*I161 -> 3065871 | O161: =ROUND((+N161),0) -> 0 | P161: =ROUND((O161*$I161),0) -> 0 | Q161: =IF(OR(P161<=0,P161>$K161),"ERROR","OK") -> ERROR
C162: Subtotal | K162: =SUM(K158:K161) -> 5380776 | N162: =SUM(N158:N161) -> 0 | P162: =SUM(P158:P161) -> 0 | Q162: =IF(OR(P162<=0,P162>$K162,COUNTIF(Q158:Q161,"ERROR")>0),"ERROR","OK") -> ERROR
D164: 8 | G164: VARIOS
C165: 4937 | D165: =+D164+0.001 -> 8.001 | G165: BARRERA DE CONTENCIÓN MATERIAL DE ARRASTRE (INCLUYE SUMINISTRO Y COLOCACIÓN DE MALLA DE GALLINERO 1 1/4" Y POLISOMBRA 47%). | H165: M2 | I165: 1 | J165: 11564 | K165: =+J165*I165 -> 11564 | O165: =ROUND((+N165),0) -> 0 | P165: =ROUND((O165*$I165),0) -> 0 | Q165: =IF(OR(P165<=0,P165>$K165),"ERROR","OK") -> ERROR
C166: 3486 | D166: =+D165+0.001 -> 8.002 | G166: DEMOLICIÓN CONCRETO ESTRUCTURAL (INCLUYE CARGUE MANUAL). NO INCLUYE TRANSPORTE Y DISPOSICIÓN FINAL DE SOBRANTES. | H166: M3 | I166: 1 | J166: 183384 | K166: =+J166*I166 -> 183384 | O166: =ROUND((+N166),0) -> 0 | P166: =ROUND((O166*$I166),0) -> 0 | Q166: =IF(OR(P166<=0,P166>$K166),"ERROR","OK") -> ERROR
C167: 4613 | D167: =+D166+0.001 -> 8.003 | G167: TRANSPORTE Y DISPOSICION FINAL DE ESCOMBROS EN SITIO AUTORIZADO (DISTANCIA DE TRANSPORTE 28 KM) | H167: M3 | I167: 1 | J167: 56280 | K167: =+J167*I167 -> 56280 | O167: =ROUND((+N167),0) -> 0 | P167: =ROUND((O167*$I167),0) -> 0 | Q167: =IF(OR(P167<=0,P167>$K167),"ERROR","OK") -> ERROR
C168: 6246 | D168: =+D167+0.001 -> 8.004 | G168: IMPRIMANTE Y PUENTE DE ADHERENCIA ENTRE CONCRETO FRESCO Y ENDURECIDO DE FRAGUADO LENTO. EPÓXICO DE PEGA CONCRETO NUEVO A VIEJO QUE CUMPLA CON LA NORMA ASTM C - 881 TIPO 5 GRADO II, Y LA COLOCACIÓN EN EL SITIO ESPECIFICADO EN LOS DISEÑOS. INCLUYE TODOS LOS COSTOS DE SUMINISTRO DE MATERIALES, EQUIPOS, TRANSPORTES, MANEJO, ALMACENAMIENTO, MANEJO DE DESPERDICIOS Y MANO DE OBRA. | H168: M2 | I168: 1 | J168: 247223 | K168: =+J168*I168 -> 247223 | O168: =ROUND((+N168),0) -> 0 | P168: =ROUND((O168*$I168),0) -> 0 | Q168: =IF(OR(P168<=0,P168>$K168),"ERROR","OK") -> ERROR
C169: 6193 | D169: =+D168+0.001 -> 8.005 | G169: CONCRETO 3000 PSI GRAVA FINA PARA BARANDAS (PREMEZCLADO. INCLUYE SUMIN., FORMALETEO Y COLOCACIÓN. NO INCL. REFUERZO, CURADO). | H169: M3 | I169: 1 | J169: 769461 | K169: =+J169*I169 -> 769461 | O169: =ROUND((+N169),0) -> 0 | P169: =ROUND((O169*$I169),0) -> 0 | Q169: =IF(OR(P169<=0,P169>$K169),"ERROR","OK") -> ERROR
C170: 7785 | D170: =+D169+0.001 -> 8.006 | G170: LOSA DE CONCRETO MR45 (SUMINISTRO, FORMALETEADO, COLOCACIÓN, CURADO, JUNTAS Y ACABADO. INCLUYE CANASTILLA PASA JUNTA. | H170: M3 | I170: 1 | J170: 1070924 | K170: =+J170*I170 -> 1070924 | O170: =ROUND((+N170),0) -> 0 | P170: =ROUND((O170*$I170),0) -> 0 | Q170: =IF(OR(P170<=0,P170>$K170),"ERROR","OK") -> ERROR
C171: 8544 | D171: =+D170+0.001 -> 8.007 | G171: RETIRO DE TACHONES, HITOS O RESALTOS PORTÁTILES CON SU RESPECTIVO ANCLAJE. INCLUYE REPARACIÓN DEL SITIO. (INCLUYE ENTREGA EN PATIO DE LA SDM) | H171: UN | I171: 1 | J171: 1181 | K171: =+J171*I171 -> 1181 | O171: =ROUND((+N171),0) -> 0 | P171: =ROUND((O171*$I171),0) -> 0 | Q171: =IF(OR(P171<=0,P171>$K171),"ERROR","OK") -> ERROR
C172: 5189 | D172: =+D171+0.001 -> 8.008 | G172: HITO DE 75CM DE ALTURA Y 8 CM DE DIAMETRO CON REFLECTIVOS DE COLOR AMARILLO. SUMINISTRO E INSTALACION. | H172: UN | I172: 1 | J172: 81446 | K172: =+J172*I172 -> 81446 | O172: =ROUND((+N172),0) -> 0 | P172: =ROUND((O172*$I172),0) -> 0 | Q172: =IF(OR(P172<=0,P172>$K172),"ERROR","OK") -> ERROR
C173: 6099 | D173: =+D172+0.001 -> 8.009 | G173: ADOQUIN EN CONCRETO A-25 (20X10X6cm) (Suministro e instalación. Incluye base 4cm mortero 2500 PSI y arena de sello) | H173: M2 | I173: 1 | J173: 119797 | K173: =+J173*I173 -> 119797 | O173: =ROUND((+N173),0) -> 0 | P173: =ROUND((O173*$I173),0) -> 0 | Q173: =IF(OR(P173<=0,P173>$K173),"ERROR","OK") -> ERROR
C174: 5225 | D174: =+D173+0.001 -> 8.01 | G174: PINTURA DE TRÁFICO - IMPRIMANTE NEGRO A=15CM. SUMINISTRO Y APLICACIÓN. | H174: ML | I174: 1 | J174: 4303 | K174: =+J174*I174 -> 4303 | O174: =ROUND((+N174),0) -> 0 | P174: =ROUND((O174*$I174),0) -> 0 | Q174: =IF(OR(P174<=0,P174>$K174),"ERROR","OK") -> ERROR
C175: 4832 | D175: =+D174+0.001 -> 8.011 | G175: SEGREGADOR BICICLETA (TACHON PLASTICO O CAUCHO ALTA RESISTENCIA COMO POLIPROPILENO DE ALTO IMPACTO, CON ESTRUCTURA DE REFUERZO, ELEMENTOS REFLECTIVOS DE ALTA EFICIENCIA. TIPO TRANSMILENIO 40.5CMX15CMX8.5CM). SUMIN. E INSTAL. | H175: UN | I175: 1 | J175: 67554 | K175: =+J175*I175 -> 67554 | O175: =ROUND((+N175),0) -> 0 | P175: =ROUND((O175*$I175),0) -> 0 | Q175: =IF(OR(P175<=0,P175>$K175),"ERROR","OK") -> ERROR
...

Sheet Hoja2
A2: Código | B2: Origen | C2: Capítulo | D2: Subcapítulo | E2: Código | F2: Nombre | G2: UM | H2: Valor | I2: Fecha de actualización
A3: 3007 | B3: Antiguo | C3: EXCAVACIONES | D3: EXC. CONFORMACIÓN DE SUBRASANTE | E3: 3007 | F3: REPLANTEO GENERAL | G3: M2 | H3: 886 | I3: Actualización 2023-I - Fase II + M.O. ley 2101 de 2021
A4: 3009 | B4: Antiguo | C4: EXCAVACIONES | D4: EXC. ESTRUCTURAS Y REDES | E4: 3009 | F4: EXCAVACION MANUAL PARA REDES PROFUNDIDAD 0M - 2M (INCLUYE CARGUE) | G4: M3 | H4: 42888 | I4: Actualización 2023-I - Fase II + M.O. ley 2101 de 2021
A5: 3010 | B5: Antiguo | C5: DEMOLICIONES | D5: DEMOLICIONES | E5: 3010 | F5: DEMOLICION PAVIMENTO ASFALTICO (INCLUYE CARGUE). NO INCLUYE TRANSPORTE Y DISPOSICIÓN FINAL DE SOBRANTES. | G5: M3 | H5: 37431 | I5: Actualización 2023-I - Fase II + M.O. ley 2101 de 2021
A6: 3011 | B6: Antiguo | C6: DEMOLICIONES | D6: DEMOLICIONES | E6: 3011 | F6: DEMOLICION MANUAL SARDINEL EXISTENTE (INCLUYE CARGUE). NO INCLUYE TRANSPORTE Y DISPOSICIÓN FINAL DE SOBRANTES. | G6: ML | H6: 5958 | I6: Actualización 2023-I - Fase II + M.O. ley 2101 de 2021
A7: 3012 | B7: Antiguo | C7: DEMOLICIONES | D7: DEMOLICIONES | E7: 3012 | F7: DEMOLICIÓN PISOS DE CONCRETO (ESPESOR VARIABLE HASTA 0.10 M. INCLUYE CARGUE). NO INCLUYE TRANSPORTE Y DISPOSICIÓN FINAL DE SOBRANTES. | G7: M2 | H7: 7900 | I7: Actualización 2023-I - Fase II + M.O. ley 2101 de 2021
A8: 3015 | B8: Antiguo | C8: REDES ELECTRICAS | D8: RED ELECTRICA CODENSA | E8: 3015 | F8: RETIRO DE POSTES DE AP/LA (INCLUYE TRASLADO A SITIO DE ACOPIO) | G8: UN | H8: 244034 | I8: Actualización 2023-I - Fase II + M.O. ley 2101 de 2021
A9: 3017 | B9: Antiguo | C9: TRANSPORTES Y ACARREOS | D9: TRANSPORTES Y ACARREOS | E9: 3017 | F9: TRANSPORTE Y DISPOSICIÓN FINAL DE ESCOMBROS EN SITIO AUTORIZADO (DISTANCIA DE TRANSPORTE 21 KM). A DISTANCIA MAYOR DEL ACARREO LIBRE (90 M) EN SITIO AUTORIZADO POR LA ENTIDAD AMBIENTAL COMPETENTE. | G9: M3 | H9: 43960 | I9: Actualización 2023-I - Fase II + M.O. ley 2101 de 2021
A10: 3018 | B10: Antiguo | C10: RELLENOS Y CAPAS GRANULARES | D10: RELLENOS EN TIERRA | E10: 3018 | F10: RELLENO EN TIERRA NEGRA PARA EMPRADIZACION (SUMINISTRO Y EXTENDIDO) | G10: M3 | H10: 97550 | I10: Actualización 2023-I - Fase II + M.O. ley 2101 de 2021
A11: 3021 | B11: Antiguo | C11: DEMOLICIONES | D11: DEMOLICIONES | E11: 3021 | F11: DEMOLICION PAVIMENTO ASFALTICO (ESPESOR VARIABLE. INCLUYE CARGUE). NO INCLUYE TRANSPORTE Y DISPOSICIÓN FINAL DE SOBRANTES. | G11: M2 | H11: 7101 | I11: Actualización 2023-I - Fase II + M.O. ley 2101 de 2021
A12: 3022 | B12: Antiguo | C12: DEMOLICIONES | D12: DEMOLICIONES | E12: 3022 | F12: DEMOLICIÓN PISOS DE CONCRETO (INCLUYE CARGUE). NO INCLUYE TRANSPORTE Y DISPOSICIÓN FINAL DE SOBRANTES. | G12: M3 | H12: 56473 | I12: Actualización 2023-I - Fase II + M.O. ley 2101 de 2021
A13: 3024 | B13: Antiguo | C13: RELLENOS Y CAPAS GRANULARES | D13: RELLENOS PARA ANDENES Y REDES | E13: 3024 | F13: RELLENO PARA REDES EN ARENA DE PEÑA (SUMINISTRO, EXTENDIDO, HUMEDECIMIENTO Y COMPACTACIÓN) | G13: M3 | H13: 152203 | I13: Actualización 2023-I - Fase II + M.O. ley 2101 de 2021
A14: 3027 | B14: Antiguo | C14: ANDENES Y SARDINELES | D14: SARDINELES Y BORDILLOS | E14: 3027 | F14: SARDINEL TIPO A10 (SUMINISTRO E INSTALACIÓN. INCLUYE 3CM MORTERO 1:5) | G14: ML | H14: 79019 | I14: Actualización 2023-I - Fase II + M.O. ley 2101 de 2021
... A4093: 10035 | B4093: Nuevo DTINI | C4093: PROYECTO ESPECÍFICO | D4093: Diagnóstico y determinación de estado de infraestructuras en Bogotá D.C. | E4093: 10035 | F4093: Diagnóstico y determinación de estado de infraestructuras en Bogotá D.C. - Espacialización, caracterización atributiva e inclusión en el inventario entregado por el IDU, de los elementos nuevos de espacio público que se identifiquen en los recorridos y de todos los elementos geográficos que lo conforman, a partir de la metodología establecida en los documentos que hacen parte integral del contrato | G4093: KM | H4093: 3884 | I4093: Actualización 2022-I
